 Dungeon Crawl Stone Soup version 0.30-a0-364-gf6b3ef1049 (webtiles) character file.

Game seed: 856207285380332118

44793 mopl the Arsonist (level 13, -4/86 HPs)
             Began as a Grey Draconian Fire Elementalist on Nov 14, 2022.
             Was a High Priest of Vehumet.
             Slain by an eight-headed hydra (8 damage)
             ... on level 5 of the Lair of Beasts on Nov 15, 2022.
             The game lasted 00:48:52 (16612 turns).

mopl the Arsonist (DrFE)                           Turns: 16612, Time: 00:48:53

Health: -4/86      AC: 22    Str: 10    XL:     13   Next: 98%
Magic:  28/28      EV: 16    Int: 20    God:    Vehumet [*****.]
Gold:   840        SH:  0    Dex: 13    Spells: 12/34 levels left

rFire   . . .      SeeInvis +    a - staff of conjuration
rCold   . . .      Faith    .    (no shield)
rNeg    . . .      Spirit   .    (body armour unavailable)
rPois   +          Reflect  .    z - +2 hat {SInv}
rElec   .          Harm     .    M - +1 cloak
rCorr   .          Rampage  .    K - +2 pair of gloves
Will    +....                    h - +1 pair of boots {Fly}
Stlth   ++........               L - amulet of magic regeneration
HPRegen 0.34/turn                U - +4 ring of evasion
MPRegen 0.61/turn                r - ring of Hanih {Fly rPois Will+}

@: flying
A: AC +13, amphibious, unfitting armour, cold-blooded
a: Renounce Religion


You were on level 5 of the Lair of Beasts.
You worshipped Vehumet.
Vehumet was extremely pleased with you.
You visited 3 branches of the dungeon, and saw 18 of its levels.
You also visited: Ice Cave.

You collected 1533 gold pieces.
You spent 693 gold pieces at shops.

Inventory:

Hand Weapons
 b - a +2 dagger of venom
 v - the +11 scimitar of Paof {flame, rC+ MP+9 Str-2 Dex+6}
   (You found it in an ice cave)

   It burns those it strikes, dealing additional fire damage.
   Big, fiery blades are also staple armaments of hydra-hunters.
   Str:       It affects your strength (-2).
   Dex:       It affects your dexterity (+6).
   rC:        It protects you from cold.
   MP:        It affects your magic capacity (+9).
Missiles
 t - 15 boomerangs
 A - a throwing net
 C - 35 poisoned darts
 Y - a curare-tipped dart
Armour
 h - a +1 pair of boots of flying (worn)
 z - a +2 hat of see invisible (worn)
 H - a +2 hat of willpower
 K - a +2 pair of gloves (worn)
 M - a +1 cloak (worn)
Magical Staves
 a - a staff of conjuration (weapon)
Jewellery
 k - a ring of positive energy
 r - the ring of Hanih (right hand) {Fly rPois Will+}
   (You found it in an ice cave)

   [ring of poison resistance]

   rPois:     It protects you from poison.
   Fly:       It grants you flight.
   Will:      It increases your willpower.
 L - an amulet of magic regeneration (around neck)
 U - a +4 ring of evasion (left hand)
Wands
 i - a wand of flame (21)
 l - a wand of charming (9)
 u - a wand of quicksilver (6)
 w - a wand of iceblast (2)
 B - a wand of mindburst (46)
 O - a wand of digging (4)
Scrolls
 d - 4 scrolls of magic mapping
 m - a scroll of enchant armour
 o - 4 scrolls of noise
 s - a scroll of fog {unknown}
 x - 3 scrolls of blinking {unknown}
 y - 2 scrolls of silence {!r}
 D - 3 scrolls of brand weapon {unknown}
 E - a scroll of summoning
 I - 3 scrolls of teleportation
 V - 3 scrolls of immolation
 X - a scroll of poison
Potions
 c - a potion of ambrosia {unknown}
 e - 5 potions of might
 f - a potion of invisibility {unknown}
 g - 6 potions of brilliance
 j - 3 potions of heal wounds
 n - 2 potions of lignification {!q}
 F - a potion of haste
 G - 3 potions of resistance
 J - 3 potions of cancellation
 S - 8 potions of curing
Miscellaneous
 q - a lightning rod (4/4)
 T - a phantom mirror (inert)


   Skills:
 + Level 6.9 Staves
 - Level 1.7 Dodging
 - Level 1.7 Stealth
 + Level 11.3 Spellcasting
 + Level 12.1 Conjurations
 + Level 4.1 Translocations
 + Level 2.7 Transmutations
 + Level 12.8 Fire Magic
 + Level 6.3 Earth Magic
 + Level 8.2 Evocations


You had 12 spell levels left.
You knew the following spells:

 Your Spells              Type           Power      Damage    Failure   Level
a - Stone Arrow           Conj/Erth      100%       3d13      1%          3
b - Scorch                Fire           100%       2d10      1%          2
c - Kindle Blastsparks    Fire/Tloc/Air  66%        2d15      1%          3
d - Flame Wave            Conj/Fire      75%        2d17      1%          4
e - Foxfire               Conj/Fire      100%       2x1d9     1%          1
f - Iskenderun's Mystic   Conj/Tloc      60%        2d13      1%          4
i - Irradiate             Conj/Tmut      28%        3d21      2%          5

Your spell library contained the following spells:

 Spells                   Type           Power      Damage    Failure   Level
 Apportation              Tloc           54%        N/A       1%          1
 Shock                    Conj/Air       100%       1d9       1%          1
 Static Discharge         Conj/Air       100%       2-7/arc   1%          2
 Inner Flame              Hex/Fire       36%        N/A       1%          3
 Mephitic Cloud           Conj/Pois/Air  41%        N/A       1%          3
 Poisonous Vapours        Pois/Air       22%        N/A       2%          2
 Gell's Gravitas          Tloc           27%        N/A       3%          3
 Lesser Beckoning         Tloc           54%        N/A       3%          3
 Teleport Other           Tloc           27%        N/A       3%          3
 Necrotise                Necr           44%        1d6       6%          1
 Summon Small Mammal      Summ           44%        N/A       6%          1
 Portal Projectile        Hex/Tloc       38%        N/A       8%          3
 Cigotuvi's Dreadful Rot  Necr/Pois/Air  22%        N/A       10%         2
 Airstrike                Air            5%         2d(1-17)  16%         4
 Leda's Liquefaction      Hex/Erth       12%        N/A       16%         4
 Call Canine Familiar     Summ           11%        N/A       19%         3
 Ozocubu's Armour         Ice            11%        N/A       19%         3
 Swiftness                Air            11%        N/A       19%         3
 Cause Fear               Hex            5%         N/A       52%         4
 Summon Lightning Spire   Summ/Air       11%        N/A       52%         4
 Summon Forest            Summ/Tloc      9%         N/A       58%         5
 Metabolic Englaciation   Hex/Ice        5%         N/A       86%         5
 Summon Mana Viper        Hex/Summ       11%        N/A       86%         5
 Lehudib's Crystal Spear  Conj/Erth      32%        10d8      89%         8
 Simulacrum               Ice/Necr       5%         N/A       100%        6
 Summon Cactus Giant      Summ           5%         N/A       100%        6
 Dragon Form              Tmut           11%        N/A       100%        7
 Storm Form               Tmut/Air       8%         N/A       100%        7
 Maxwell's Capacitive Co  Air            5%         ∞         100%        8
 Dragon's Call            Summ           5%         N/A       100%        9
 Animate Armour           Summ/Erth      Unusable   N/A       N/A         4

Dungeon Overview and Level Annotations

Branches:
Dungeon (12/15)            Temple (1/1) D:7            Lair (5/5) D:11
  Swamp (0/4) Lair:2        Snake (0/4) Lair:2        Slime (0/5) Lair:5
    Orc (0/2) D:9           IceCv (visited)

Altars:
Ashenzari
Cheibriados
Dithmenos
Elyvilon
Fedhas
Gozag
Hepliaklqana
Kikubaaqudgha
Makhleb
Nemelex Xobeh
Okawaru
Qazlal
Ru
Sif Muna
Trog
Uskayaw
Vehumet
Wu Jian
Xom
Yredelemnul
Zin
The Shining One
Jiyva

Shops:
D:2 (:([!

Annotations:
D:12 Jorgrun


Innate Abilities, Weirdness & Mutations

Your dull iron-grey scales are very hard. (AC +13)
You are amphibious.
You cannot fit into any form of body armour.
You are cold-blooded and may be slowed by cold attacks.


Message History

Your eight-headed hydra bites the eight-headed hydra!
Your eight-headed hydra bites the eight-headed hydra.
Your eight-headed hydra bites the eight-headed hydra! x3
The eight-headed hydra bites your eight-headed hydra! x2
The eight-headed hydra bites your eight-headed hydra!!
The eight-headed hydra bites your eight-headed hydra.
The eight-headed hydra bites your eight-headed hydra!
The eight-headed hydra bites your eight-headed hydra.
Your eight-headed hydra dies!
Your eight-headed hydra's corpse shimmers and vanishes!
The eight-headed hydra bites you but does no damage.
The eight-headed hydra bites you.
* * * LOW HITPOINT WARNING * * *
Unknown command.
As you read the scroll labelled RIOQ ILAAG, it crumbles to dust.
You hear a loud clanging noise!
It was a scroll of noise.
You hear a bleat! x2; You hear a bellow!
You hear a bleat!
An elephant comes into view.
The elephant tramples you.
* * * LOW HITPOINT WARNING * * *
You hold your ground!
The elephant trunk-slaps you but does no damage.
The eight-headed hydra completely misses you.
The eight-headed hydra bites you.
* * * LOW HITPOINT WARNING * * *
The eight-headed hydra bites you.
* * * LOW HITPOINT WARNING * * *
The eight-headed hydra barely misses you.
The eight-headed hydra bites you!
* * * LOW HITPOINT WARNING * * *
The eight-headed hydra misses you.
The eight-headed hydra completely misses you.
The eight-headed hydra barely misses you.
As you read the scroll labelled XUEKLIXOLO, it crumbles to dust.
You feel aware of your surroundings.
It was a scroll of magic mapping.
The elephant trumpets!
The elephant closely misses you. The elephant misses you.
The eight-headed hydra bites you!
You die...

,,,,,,,,....................,,,,,
,,,,,,,,...............D......,,,
,,,,,,,,..................#......
,,,,,,,,......†..............#...
,**,,*,,....#Y†.#................
,,,,,,,,.*,*#Y##.#...............
,,,,,,,,,*###..##..†.............
,,*,,,,,*##.....Y................
,,,,,,,,,.......@D............†.†
,,,,,,,,,.......#................
,,,,,,,,,.....P.#......#.....)...
,,,,,,,,,#...P###......#.........
,,*,,,,,,.....,#.P...#####......P
,,,,,,,,,....,......## #P......
,,,*,,,,,...,,.......* ###.....
,,,,,,,,,...,........# *#.....
,,,,,,,,,,,,........## #P.....


You could see an eight-headed hydra, a seven-headed hydra (fleeing) and 3
elephants.

Vanquished Creatures
  Gastronok (D:8)
  5 hydras
  A catoblepas (Lair:4)
  2 two-headed ogres (D:10)
  A death yak (Lair:4)
  Pikel (D:7)
  2 ugly things
  Maurice (D:8)
  2 black mambas
  14 elephants
  3 ice statues (IceCv)
  12 cane toads
  2 torpor snails (Lair:5)
  A kobold demonologist (D:11)
  An unseen horror (D:11)
  2 rime drakes
  7 komodo dragons
  A freezing wraith (IceCv)
  3 trolls (D:10)
  2 polar bears
  11 blink frogs
  A slime creature (Lair:5)
  3 wraiths
  50 yaks
  7 wyverns
  A shadow (D:10)
  2 dire elephant simulacra (IceCv)
  6 basilisks
  3 harpy simulacra (IceCv)
  A steam dragon (D:6)
  4 vampire mosquitoes (D:11)
  Menkaure (D:7)
  2 acid dragons
  6 nagas (Lair:2)
  18 water moccasins
  2 orc warriors
  A sky beast (D:7)
  2 ice beasts
  4 black bears
  4 wolves (Lair:5)
  2 centaurs
  A lemure (D:7)
  3 kobold brigands
  A phantom (D:4)
  18 bullfrogs
  5 scorpions
  2 cane toad simulacra (IceCv)
  9 wights
  2 elephant simulacra (IceCv)
  22 killer bees
  16 electric eels
  2 howler monkeys
  9 jellies
  4 orc priests
  A gnoll bouda (D:10)
  4 hounds
  Natasha (thrice) (D:4)
  5 iguanas
  12 orc wizards
  A wolf simulacrum (IceCv)
  4 adders
  10 gnolls
  5 white imps
  An ufetubus (D:5)
  2 worms
  2 dart slugs (D:2)
  29 orcs
  5 ball pythons
  4 endoplasms
  4 giant cockroaches
  9 goblins
  7 hobgoblins
  2 jackals (D:5)
  14 kobolds
  9 quokkas
  4 bats
  3 frilled lizards
  6 rats
  A bush (Lair:3)
436 creatures vanquished.

Vanquished Creatures (others)
  A two-headed ogre (D:10)
  2 unseen horrors (D:10)
  A kobold demonologist (D:10)
  A human (D:6)
  A centaur (D:10)
  2 kobold brigands (D:10)
  A killer bee (D:7)
  10 foxfires
  41 fungi
  70 plants
130 creatures vanquished.

Grand Total: 566 creatures vanquished

Notes
Turn   | Place    | Note
-------+----------+-------------------------------------------
     0 | D:1      | mopl the Draconian Fire Elementalist began the quest for
                  | the Orb.
     0 | D:1      | Reached XP level 1. HP: 14/14 MP: 3/3
   137 | D:1      | Reached XP level 2. HP: 20/20 MP: 0/5
   141 | D:1      | Learned a level 2 spell: Scorch
   242 | D:1      | Reached skill level 2 in Conjurations
   577 | D:1      | Reached XP level 3. HP: 26/26 MP: 4/7
   696 | D:1      | Learned a level 3 spell: Kindle Blastsparks
   815 | D:2      | Found Untiuloa's Book Shoppe.
  1270 | D:2      | Found Feobemma's Weapon Shop.
  1310 | D:2      | Reached skill level 3 in Spellcasting
  1323 | D:2      | Found Asudoogoh's Antique Weapon Shop.
  1456 | D:2      | Reached XP level 4. HP: 20/33 MP: 8/8
  1507 | D:2      | Reached skill level 3 in Conjurations
  1644 | D:2      | Found Tughug's Distillery.
  1654 | D:2      | Bought a potion of heal wounds for 50 gold pieces
  1654 | D:2      | Bought a potion of mutation for 80 gold pieces
  1664 | D:2      | Found Upharuto's Armour Emporium.
  2304 | D:4      | Noticed a phantom
  2310 | D:4      | Killed a phantom
  2311 | D:4      | Reached skill level 4 in Spellcasting
  2311 | D:4      | Reached XP level 5. HP: 38/38 MP: 1/11
  2417 | D:4      | Reached skill level 4 in Conjurations
  2437 | D:4      | Reached XP level 6. HP: 22/45 MP: 3/12
  2592 | D:4      | Noticed Natasha
  2599 | D:4      | Killed Natasha
  2672 | D:4      | Noticed Natasha
  2678 | D:4      | Killed Natasha
  2832 | D:4      | Noticed Natasha
  2835 | D:4      | Killed Natasha
  2836 | D:4      | Reached skill level 5 in Conjurations
  2951 | D:4      | Found a shimmering blue altar of Sif Muna.
  2956 | D:4      | Reached skill level 5 in Spellcasting
  2956 | D:4      | Noticed an orc warrior
  2993 | D:4      | Got Sif Muna's Folio of Conflict
  2998 | D:4      | Found a bloodstained altar of Trog.
  3169 | D:4      | Killed an orc warrior
  3170 | D:4      | Your scales start taking on a dull iron-grey colour.
  3170 | D:4      | Reached XP level 7. HP: 50/50 MP: 9/14
  3208 | D:4      | Learned a level 4 spell: Flame Wave
  3238 | D:5      | Entered Level 5 of the Dungeon
  3418 | D:5      | Reached skill level 1 in Translocations
  3670 | D:5      | Reached skill level 2 in Translocations
  3761 | D:5      | Reached skill level 6 in Conjurations
  3801 | D:4      | Reached XP level 8. HP: 40/57 MP: 3/16
  3891 | D:5      | Reached skill level 4 in Fire Magic
  4416 | D:2      | Bought a potion of brilliance for 40 gold pieces
  4416 | D:2      | Bought a potion of berserk rage for 50 gold pieces
  4523 | D:6      | Reached skill level 6 in Spellcasting
  4660 | D:6      | Reached skill level 3 in Translocations
  4803 | D:6      | Reached skill level 5 in Fire Magic
  4855 | D:6      | Found an ancient bone altar of Kikubaaqudgha.
  5538 | D:7      | Found a staircase to the Ecumenical Temple.
  5560 | Temple   | Entered the Ecumenical Temple
  5637 | D:7      | Reached skill level 7 in Conjurations
  5797 | D:6      | Reached XP level 9. HP: 47/62 MP: 17/19
  5865 | D:7      | Reached skill level 7 in Spellcasting
  6067 | D:7      | Reached skill level 6 in Fire Magic
  6277 | D:7      | Noticed Menkaure
  6285 | D:7      | Killed Menkaure
  6342 | D:7      | Reached skill level 8 in Conjurations
  6353 | D:7      | Found a sacrificial altar of Ru.
  6624 | D:7      | Reached skill level 7 in Fire Magic
  6865 | D:2      | Bought a potion of haste for 100 gold pieces
  6865 | D:2      | Bought a potion of resistance for 100 gold pieces
  6879 | D:2      | Bought a +2 hat of willpower for 273 gold pieces
  7041 | D:7      | Found a hide-covered altar of Uskayaw.
  7043 | D:7      | Found a stormy altar of Qazlal.
  7079 | D:7      | Reached skill level 8 in Spellcasting
  7163 | D:8      | Noticed Pikel
  7254 | D:7      | Killed Pikel
  7255 | D:7      | Reached XP level 10. HP: 37/69 MP: 8/22
  7338 | D:8      | Noticed Maurice
  7344 | D:8      | Killed Maurice
  7354 | D:8      | Reached skill level 9 in Conjurations
  7429 | D:8      | Noticed Gastronok
  7503 | D:8      | Killed Gastronok
  7504 | D:8      | Reached skill level 8 in Fire Magic
  7504 | D:8      | Reached skill level 2 in Evocations
  7521 | D:8      | Identified the +2 robe "Acu Cinu" {+Blink}
  7852 | D:8      | Found a radiant altar of Vehumet.
  7861 | D:8      | Became a worshipper of Vehumet
  8437 | D:8      | Reached skill level 9 in Spellcasting
  8540 | D:8      | Reached skill level 3 in Evocations
  8630 | D:9      | Found an iron altar of Okawaru.
  8802 | D:8      | Reached skill level 9 in Fire Magic
  8855 | D:9      | Reached * piety under Vehumet
  8855 | D:9      | Offered knowledge of Kiss of Death by Vehumet.
  8865 | D:9      | Reached XP level 11. HP: 65/74 MP: 7/24
  8977 | D:9      | Reached skill level 4 in Evocations
  9060 | D:9      | Found a staircase to the Orcish Mines.
  9102 | D:9      | Found a blossoming altar of Fedhas.
  9254 | D:10     | Entered Level 10 of the Dungeon
  9276 | D:10     | Reached skill level 10 in Conjurations
  9377 | D:10     | Reached skill level 1 in Staves
  9439 | D:10     | Noticed a two-headed ogre
  9440 | D:10     | Noticed a two-headed ogre
  9441 | D:10     | Killed a two-headed ogre
  9533 | D:10     | Noticed a two-headed ogre
  9542 | D:10     | Killed a two-headed ogre
  9567 | D:10     | Found a shimmering altar of Xom.
  9615 | D:10     | Offered knowledge of Momentum Strike by Vehumet.
  9617 | D:10     | Reached ** piety under Vehumet
  9618 | D:10     | Reached skill level 2 in Staves
  9793 | D:10     | Killed a two-headed ogre
  9794 | D:10     | Reached skill level 10 in Fire Magic
 10030 | D:11     | Reached skill level 5 in Evocations
 10302 | D:11     | Found a staircase to the Lair.
 10302 | D:11     | Noticed a red ugly thing
 10311 | D:11     | Reached skill level 3 in Staves
 10747 | D:11     | Killed a red ugly thing
 10917 | D:12     | Offered knowledge of Hailstorm by Vehumet.
 10938 | D:12     | Noticed Jorgrun
 11076 | Lair:1   | Entered Level 1 of the Lair of Beasts
 11098 | Lair:1   | Identified a scroll of acquirement
 11099 | Lair:1   | Acquired a +1 pair of boots of flying
 11166 | Lair:1   | Reached skill level 10 in Spellcasting
 11404 | Lair:1   | Reached XP level 12. HP: 56/81 MP: 16/26
 11462 | Lair:1   | Reached *** piety under Vehumet
 11466 | Lair:1   | Reached skill level 11 in Fire Magic
 11660 | Lair:1   | Reached skill level 4 in Staves
 11724 | Lair:1   | Learned a level 3 spell: Stone Arrow
 11736 | Lair:1   | Reached skill level 6 in Evocations
 11954 | Lair:1   | Offered knowledge of Frozen Ramparts by Vehumet.
 11955 | Lair:1   | Reached skill level 1 in Earth Magic
 12052 | Lair:2   | Found a frozen archway.
 12060 | IceCv    | Entered an ice cave
 12092 | IceCv    | Reached skill level 11 in Conjurations
 13496 | IceCv    | Reached skill level 2 in Earth Magic
 13704 | IceCv    | Identified the ring of Hanih {Fly rPois Will+}
 13708 | IceCv    | Identified the +11 scimitar of Paof {flame, rC+ MP+9 Str-2
                  | Dex+6}
 13825 | Lair:2   | Noticed a five-headed hydra
 13841 | Lair:2   | Killed a five-headed hydra
 13885 | Lair:2   | Found a staircase to the Snake Pit.
 13934 | Lair:2   | Found a staircase to the Swamp.
 13960 | Lair:2   | Reached skill level 3 in Earth Magic
 13961 | Lair:2   | Reached **** piety under Vehumet
 13979 | Lair:2   | Reached skill level 5 in Staves
 14133 | Lair:2   | Offered knowledge of Irradiate by Vehumet.
 14435 | Lair:3   | Reached skill level 12 in Fire Magic
 14670 | Lair:3   | Noticed a six-headed hydra
 14685 | Lair:3   | Killed a six-headed hydra
 14686 | Lair:3   | Reached skill level 7 in Evocations
 14709 | Lair:3   | Reached skill level 4 in Earth Magic
 14710 | Lair:3   | Reached XP level 13. HP: 54/86 MP: 16/27
 15423 | Lair:4   | Reached skill level 6 in Staves
 15423 | Lair:4   | Reached skill level 5 in Earth Magic
 15433 | Lair:4   | Reached skill level 11 in Spellcasting
 15439 | Lair:4   | Learned a level 5 spell: Irradiate
 15606 | Lair:4   | Reached ***** piety under Vehumet
 15706 | Lair:3   | Offered knowledge of Iskenderun's Mystic Blast by Vehumet.
 15743 | Lair:3   | Learned a level 4 spell: Iskenderun's Mystic Blast
 15768 | Lair:4   | Reached skill level 1 in Transmutations
 16313 | Lair:5   | Entered Level 5 of the Lair of Beasts
 16362 | Lair:5   | Found a staircase to the Slime Pits.
 16362 | Lair:5   | Found a viscous altar of Jiyva.
 16373 | Lair:5   | Reached skill level 8 in Evocations
 16439 | Lair:4   | Reached skill level 2 in Transmutations
 16439 | Lair:4   | Reached skill level 6 in Earth Magic
 16516 | Lair:5   | Reached skill level 12 in Conjurations
 16592 | Lair:5   | Reached skill level 4 in Translocations
 16611 | Lair:5   | HP: 4/86 [eight-headed hydra (8)]
 16612 | Lair:5   | Slain by an eight-headed hydra

Illustrated notes

Levels and vault maps discovered:
D:1:      dpeg_arrival_snail, layout_loops_ring
D:2:      layout_loops_corners, serial_shops, shop_coins,
          nicolae_shop_waterfront, shop, shop_statue, nicolae_lakefront_shop,
          minmay_bisected
D:3:      layout_basic, kennysheep_generic_room_11
D:4:      layout_rooms, nzn_overflow_gifts_of_might_and_magic, uniq_natasha
D:5:      layout_cave_pods, chequers_serial_rivers_small_b, st_stairs_13,
          dreamdust_princess_bridge
D:6:      layout_loops_corners, tgw_kikubaaqudgha
D:7:      minmay_polygon_palace, layout_cave_pools,
          mainiacjoe_overflow_alcove_1, mainiacjoe_overflow_catwalk_spiral,
          minmay_temple_entry_steel_oval, uniq_menkaure
D:8:      layout_basic, mainiacjoe_overflow_paths, serial_bayou,
          serial_bayou_shore_b, serial_bayou_pond_c, serial_bayou_pond_a,
          serial_bayou_shore_a, serial_bayou_shore_b, serial_bayou_lake_a,
          uniq_pikel, uniq_gastronok, uniq_maurice
D:9:      layout_rooms, okawaru_gym_becter, mainiacjoe_overflow_chevrons,
          orc_0_dummy
D:10:     layout_roguey, xom_confusion_cloud, serial_corexii_hall,
          corexii_hall_statues_i, chequers_hall_statues_wall_a
D:11:     layout_loops_ring, due_lair_maze_entry_diamond
D:12:     layout_basic, uniq_jorgrun
Temple:   nicolae_temple_x_marks_the_god
Lair:1:   layout_regular_city, serial_bayou, serial_bayou_crossing,
          serial_bayou_pond_e, serial_bayou_pond_a, serial_bayou_ford_a
Lair:2:   layout_chaotic_city, swamp_mist, minmay_snake_entry_guardpost_medium,
          portal_ice_cave_entry_pillars_2, minivault_23, st_stairs_10,
          serial_bayou_shore_b
Lair:3:   layout_roguey, beast_lair_carwin_2, grunt_megastairs_3
Lair:4:   layout_misc_corridors, minivault_11, nicolae_lair_yak_garden,
          grunt_megastairs_1
Lair:5:   grunt_lair_end_beastmaster, layout_gridlike,
          minmay_slime_entry_pillars

Skill      XL: |  1  2  3  4  5  6  7  8  9 10 11 12 13 |
---------------+----------------------------------------+-----
Conjurations   | 2 3 4 5 6 7 8 9 10 11 12 | 12.1
Spellcasting   | 3 4 5 6 8 9 10 11 | 11.3
Translocations | 2 3 4 |  4.1
Fire Magic     | 5 7 9 10 12 | 12.8
Evocations     | 3 5 7 8 |  8.2
Staves         | 3 5 6 |  6.9
Earth Magic    | 4 6 |  6.3
Transmutations | 2 |  2.7
Dodging        | |  1.7
Stealth        | |  1.7

Action                   |  1- 3 |  4- 6 |  7- 9 | 10-12 | 13-15 || total
-------------------------+-------+-------+-------+-------+-------++-------
Melee: Unarmed           |    69 |       |       |       |       ||    69
       Tailslap          |    16 |    11 |    13 |     7 |       ||    47
       Punch             |     1 |     2 |     2 |     1 |       ||     6
       Dagger            |    32 |    89 |    75 |    15 |       ||   211
       Staff             |       |       |       |    27 |     5 ||    32
 Cast: Foxfire           |     5 |       |       |       |     1 ||     6
       Scorch            |    21 |    32 |   170 |   562 |   155 ||   940
       Kindle Blastspark |       |       |       |    13 |    23 ||    36
       Flame Wave        |       |       |       |    12 |    17 ||    29
       Iskenderun's Myst |       |       |       |       |     1 ||     1
       Irradiate         |       |       |       |       |     1 ||     1
Evoke: Wand              |       |    10 |     2 |    26 |     1 ||    39
       Phantom mirror    |       |       |       |     1 |     2 ||     3
       Lightning rod     |       |       |       |       |     3 ||     3
  Use: Scroll            |       |       |       |    18 |     4 ||    22
       Potion            |       |       |       |     2 |     1 ||     3
 Stab: Sleeping          |       |     3 |       |     1 |       ||     4
Armor: Skin              |    40 |    37 |    97 |   189 |    98 ||   461
Dodge: Dodged            |    92 |    41 |   107 |   304 |   133 ||   677

Table legend: (Time is in decaauts)
 A = Elapsed time spent in this place.
 B = Non-inter-level travel time spent in this place.
 C = Inter-level travel time spent in this place.
 D = Time resting spent in this place.
 E = Time spent auto-exploring this place.
 F = Levels seen in this place.
 G = Mean time per level.
                   A        B        C        D        E       F      G
               +--------+--------+--------+--------+--------+-----+--------+
         Total |  16711 |  15599 |   1112 |   3706 |   8235 |  19 |  879.5 |
       Dungeon |  11067 |  10193 |    874 |   2083 |   5977 |  12 |  922.2 |
        Temple |     69 |     62 |      7 |      0 |     25 |   1 |   69.0 |
          Lair |   3853 |   3622 |    231 |    463 |   2217 |   5 |  770.6 |
      Ice Cave |   1720 |   1720 |      0 |   1160 |     16 |   1 | 1720.0 |
               +--------+--------+--------+--------+--------+-----+--------+

Top non-repeatable levels by time:
   IceCv: 1720 daAuts
     D:4: 1405 daAuts
     D:7: 1395 daAuts
     D:8: 1374 daAuts
     D:2: 1235 daAuts
     D:6: 1154 daAuts
  Lair:4: 1051 daAuts
  Lair:1: 981 daAuts
    D:11: 955 daAuts
  Lair:3: 833 daAuts
    D:10: 829 daAuts
     D:5: 798 daAuts
  Lair:2: 774 daAuts
     D:1: 728 daAuts
     D:9: 576 daAuts
